 Dungeon Crawl Stone Soup version 0.19-a0 (webtiles) character file.

10654 wvc the Basher (level 11, -5/83 HPs)
             Began as a Mummy Monk on Apr 27, 2016.
             Was a High Priest of Okawaru.
             Slain by a yak (14 damage)
             ... on level 1 of the Lair of Beasts.
             The game lasted 00:21:31 (11358 turns).

wvc the Basher (Mummy Monk)                        Turns: 11358, Time: 00:21:32

Health: -5/83      AC: 20    Str: 15    XL:     11   Next: 39%
Magic:  9/11       EV: 24    Int:  9    God:    Okawaru [*****.]
Gold:   456        SH:  0    Dex: 21    Spells: 0 memorised, 10 levels left

rFire  x . .     SeeInvis .     D - +2 dire flail (protect)
rCold  + . .     Gourm    .     h - +0 ring mail
rNeg   + + +     Faith    .     (shield currently unavailable)
rPois  ∞         Spirit   .     s - +2 helmet
rElec  .         Dismiss  .     e - +1 cloak
rCorr  .         Reflect  .     x - +0 pair of gloves
SustAt .         Harm     .     g - +0 pair of boots
MR     +....                    (no amulet)
Stlth  +++.......               n - +3 ring of dexterity
                                A - +5 ring of evasion

@: heroism, somewhat resistant to hostile enchantments, fairly stealthy
A: no food or potions, fire vulnerability, cold resistance 1, negative energy
resistance 3, torment resistance, unbreathing
a: Heroism, Finesse, Renounce Religion


You were on level 1 of the Lair of Beasts.
You worshipped Okawaru.
Okawaru was extremely pleased with you.
You were not hungry.

You visited 2 branches of the dungeon, and saw 10 of its levels.

You collected 540 gold pieces.
You spent 84 gold pieces at shops.

Inventory:

Hand Weapons
 k - a +0 mace
 r - a +0 blowgun
 t - a +0 whip of electrocution
 D - a +2 dire flail of protection (weapon)
 E - a +1 great mace of venom
Missiles
 d - 240 stones
 p - 3 needles of paralysis
 q - 20 poisoned needles
 v - 6 javelins (quivered)
 B - 2 curare-tipped needles
Armour
 e - a +1 cloak (worn)
 g - a +0 pair of boots (worn)
 h - a +0 ring mail (worn)
 s - a +2 helmet (worn)
 x - a +0 pair of gloves (worn)
Jewellery
 b - an uncursed ring of fire
 l - an uncursed ring of resist corrosion
 n - a +3 ring of dexterity (right hand)
 o - an uncursed ring of sustain attributes
 A - a +5 ring of evasion (left hand)
Wands
 a - a wand of paralysis (10/24)
 w - a wand of flame (17/48)
 y - a wand of iceblast (6/15)
 C - a wand of confusion (21/48)
 G - a wand of disintegration (15/24)
 H - a wand of polymorph (17/24)
Scrolls
 c - 2 scrolls of blinking
 f - 5 scrolls of identify
 i - 2 scrolls of fear
 j - 2 scrolls of amnesia
 m - a scroll of teleportation
 u - a scroll of fog
 z - 2 scrolls of magic mapping
 F - 2 scrolls of remove curse
Books
 I - a book of the Warp

   Spells                             Type                      Level
   a - Recall                         Summoning/Translocation      3
   b - Gell's Gravitas                Hexes/Translocation          3
   c - Force Lance                    Conjuration/Translocation    4
   d - Warp Weapon                    Charms/Translocation         5
   e - Summon Forest                  Summoning/Translocation      5


   Skills:
 + Level 6.6(11.6) Fighting
 * Level 12.5(17.5) Maces & Flails
 + Level 3.8(8.8) Armour
 + Level 5.4(10.4) Dodging
 - Level 1.5(6.5) Stealth
 - Level 3.2(8.2) Unarmed Combat


You had 10 spell levels left.
You didn't know any spells.

Dungeon Overview and Level Annotations

Branches:
Dungeon (9/15)             Temple (0/1) D:5            Lair (1/8) D:8
    Orc: D:9-12

Altars:
Cheibriados
Dithmenos
Fedhas
Gozag
Kikubaaqudgha
Okawaru
Pakellas
Vehumet
Yredelemnul
Zin
The Shining One

Shops:
D:8 (


Innate Abilities, Weirdness & Mutations

You do not eat or drink.
Your flesh is vulnerable to fire.
You are immune to poison.
Your flesh is cold resistant.
You are immune to negative energy.
You are immune to unholy pain and torment.
You can survive without breathing.


Message History

The yak is moderately wounded.
The yak closely misses you.
You sock the yak!
The yak is severely wounded.
You puncture the yak!
You kill the yak!
Okawaru accepts your kill.
You sock the yak!
The yak is moderately wounded.
The yak gores you!
* * * LOW HITPOINT WARNING * * *
You thump the yak!
The yak is severely wounded.
You barely miss the yak.
The yak is severely wounded.
The yak misses you.
You barely miss the yak.
The yak is severely wounded.
The yak gores you!
You die...

..... .... #... #.. ##..
#. ..# #.. #Y# #..######@#
#.. #..$......# #.##
#.$.......# #..#
#.........# #.. .
##.........# #.# #.
#P.........########.#
###.≈
##......>...........#
...≈≈
#..................###..≈≈
#......................≈≈≈


You could see a yak.

Vanquished Creatures
  A hydra (Lair:1)
  Pikel (D:6)
  2 spiny frogs (Lair:1)
  Prince Ribbit (D:7)
  A troll (D:6)
  A spriggan (D:7)
  Eustachio (D:4)
  14 yaks
  Grum (D:8)
  A hippogriff (D:7)
  Menkaure (D:5)
  3 water moccasins
  A porcupine (Lair:1)
  4 orc warriors
  2 ice beasts
  A black bear (D:9)
  3 slaves (D:6)
  3 sky beasts
  2 phantoms (D:5)
  2 wolves (D:8)
  9 ogres
  6 centaurs
  3 crocodiles
  5 giant frogs
  A wyvern skeleton (D:9)
  4 scorpions
  4 killer bees (D:9)
  5 wights (D:7)
  6 howler monkeys
  7 crimson imps
  A quasit (D:9)
  A centaur zombie (D:9)
  A giant frog zombie (D:8)
  3 orc priests
  6 gnoll shamans (D:8)
  3 hounds
  2 giant frog skeletons
  3 iguanas
  5 orc wizards
  4 worker ants
  3 hound skeletons
  Robin (D:4)
  14 gnolls
  5 adders
  11 river rats
  3 shadow imps
  An ooze (D:7)
  3 adder zombies
  6 worms
  3 giant geckos
  27 orcs
  3 ball pythons
  A bat zombie (D:1)
  2 giant cockroaches
  14 goblins
  11 hobgoblins
  6 jackals
  2 quokkas (D:2)
  18 bats
  A giant cockroach zombie (D:1)
  A giant gecko skeleton (D:3)
  5 giant newts
  5 kobolds
  A quokka zombie (D:5)
  14 rats
  A plant (D:8)
287 creatures vanquished.

Vanquished Creatures (others)
  7 fungi (D:8)
  4 plants
11 creatures vanquished.

Grand Total: 298 creatures vanquished

Notes
Turn   | Place    | Note
--------------------------------------------------------------
     0 | D:1      | wvc the Mummy Monk began the quest for the Orb.
     0 | D:1      | Reached XP level 1. HP: 18/18 MP: 1/1
   349 | D:1      | Reached XP level 2. HP: 22/24 MP: 2/2
   359 | D:1      | Reached skill level 1 in Maces & Flails
  1118 | D:2      | Reached XP level 3. HP: 27/29 MP: 3/3
  1137 | D:2      | Reached skill level 2 in Maces & Flails
  1301 | D:2      | Found an iron altar of Okawaru.
  1522 | D:2      | Became a worshipper of Warmaster Okawaru
  1522 | D:2      | Reached * piety under Okawaru
  1522 | D:2      | Reached ** piety under Okawaru
  2278 | D:3      | Reached XP level 4. HP: 30/35 MP: 4/4
  2320 | D:3      | Reached skill level 3 in Maces & Flails
  2628 | D:3      | Found an opulent altar of Gozag.
  2654 | D:3      | Found a faded altar to an unknown god.
  2928 | D:3      | Found a snail-covered altar of Cheibriados.
  3074 | D:4      | Reached XP level 5. HP: 24/41 MP: 5/5
  3086 | D:4      | Reached skill level 4 in Maces & Flails
  3362 | D:4      | Noticed Eustachio
  3381 | D:4      | Killed Eustachio
  3381 | D:4      | Reached skill level 5 in Maces & Flails
  3381 | D:4      | Reached XP level 6. HP: 47/47 MP: 6/6
  3618 | D:4      | Noticed Robin
  3654 | D:4      | Killed Robin
  3716 | D:4      | Found a glowing silver altar of Zin.
  3987 | D:5      | Entered Level 5 of the Dungeon
  4080 | D:5      | Noticed an ice beast
  4110 | D:5      | Killed an ice beast
  4110 | D:5      | Reached skill level 6 in Maces & Flails
  4110 | D:5      | Reached XP level 7. HP: 36/52 MP: 7/7
  4261 | D:5      | Reached *** piety under Okawaru
  4386 | D:5      | Reached skill level 7 in Maces & Flails
  4515 | D:5      | Found a basalt altar of Yredelemnul.
  4523 | D:5      | Noticed Menkaure
  4532 | D:5      | Killed Menkaure
  4532 | D:5      | Reached XP level 8. HP: 53/58 MP: 8/8
  4601 | D:5      | Reached skill level 8 in Maces & Flails
  5055 | D:5      | Found a shadowy altar of Dithmenos.
  5245 | D:5      | Reached skill level 9 in Maces & Flails
  5409 | D:5      | Found a staircase to the Ecumenical Temple.
  6200 | D:6      | Found an ancient bone altar of Kikubaaqudgha.
  6598 | D:6      | Noticed Pikel
  6605 | D:6      | Killed Pikel
  6605 | D:6      | Reached **** piety under Okawaru
  6605 | D:6      | Reached XP level 9. HP: 64/64 MP: 9/9
  6659 | D:6      | Noticed a troll
  6684 | D:6      | Killed a troll
  6684 | D:6      | Reached skill level 10 in Maces & Flails
  7087 | D:7      | Noticed Prince Ribbit
  7103 | D:7      | Killed Prince Ribbit
  7103 | D:7      | Reached skill level 1 in Armour
  7344 | D:7      | Reached ***** piety under Okawaru
  7529 | D:7      | Found a blossoming altar of Fedhas.
  8109 | D:7      | Reached XP level 10. HP: 63/73 MP: 10/10
  8231 | D:8      | Found Jallat's Antique Weapon Shoppe.
  8234 | D:8      | Bought a glowing dire flail for 84 gold pieces
  8367 | D:8      | Reached skill level 11 in Maces & Flails
  8399 | D:8      | Found a glowing golden altar of the Shining One.
  8426 | D:8      | Found a staircase to the Lair.
  8496 | D:8      | Noticed Grum
  8524 | D:8      | Killed Grum
  8616 | D:8      | Reached skill level 5 in Fighting
  8936 | D:9      | Received a gift from Okawaru
  9190 | D:9      | Found an oddly glowing altar of Pakellas.
  9190 | D:9      | Found a radiant altar of Vehumet.
  9959 | D:8      | Reached skill level 5 in Dodging
 10442 | Lair:1   | Entered Level 1 of the Lair of Beasts
 10473 | Lair:1   | Noticed a four-headed hydra
 10474 | Lair:1   | Noticed an eight-headed hydra
 10502 | Lair:1   | Killed a four-headed hydra
 10502 | Lair:1   | Reached skill level 12 in Maces & Flails
 10502 | Lair:1   | Reached XP level 11. HP: 50/81 MP: 11/11
 10717 | Lair:1   | Received a gift from Okawaru
 11358 | Lair:1   | Slain by a yak

Vault maps used:
D:1:      saegor_arrival_fortress, hangedman_decor_riveting, serial_bayou_pond_a
D:2:      nicolae_overflow_crystal_walls, kennysheep_boxes
D:3:      nicolae_overflow_hidden_temple, cheibriados_altar_1,
          ecumenical_altar_2
D:4:      zin_treasury, uniq_eustachio, uniq_robin
D:5:      kennysheep_mini, minmay_temple_entry_nine_rooms, first_bread,
          yredelemnul_altar_generic, uniq_menkaure
D:6:      kiku_gazebo_pond_becter, uniq_pikel
D:7:      the_bakery, fedhas_bush_and_centaur_altar, uniq_prince_ribbit1
D:8:      kennysheep_seaside_town, grunt_lair_entry_orc_guard_hut, serial_shops,
          kennysheep_mini_moat, basic_altar, uniq_grum
D:9:      gammafunk_temple_overflow_elements, st_stairs_7,
          minmay_misc_feat_enclosed
Lair:1:   infiniplex_staircase_pool_2, lemuel_fruit_fields

Skill      XL: |  1  2  3  4  5  6  7  8  9 10 |
---------------+-------------------------------+-----
Maces & Flails | 1 2 3 5 6 7 9 10 12 | 12.5
Dodging        | 4 5 |  5.4
Armour         | 2 3 |  3.8
Fighting       | 4 6 |  6.6
Stealth        | |  1.5
Unarmed Combat | |  3.2

Action                   |  1- 3 |  4- 6 |  7- 9 | 10-12 || total
-------------------------+-------+-------+-------+-------++-------
Melee: Unarmed           |   222 |    39 |       |       ||   261
       Punch             |     7 |     4 |    14 |       ||    25
       Mace              |       |   170 |   305 |       ||   475
       Whip              |       |       |   194 |       ||   194
       Dire flail        |       |       |       |   504 ||   504
 Fire: Blowgun           |       |     5 |    14 |       ||    19
Throw: Stone             |    34 |       |       |       ||    34
       Javelin           |       |       |     7 |       ||     7
Invok: Heroism           |       |     1 |     4 |     5 ||    10
Evoke: Wand              |       |       |     2 |       ||     2
  Use: Scroll            |       |    14 |     4 |     2 ||    20
 Stab: Distracted        |       |       |     2 |     1 ||     3
       Paralysed         |       |       |    11 |       ||    11
       Sleeping          |       |       |     3 |     4 ||     7
Armor: Leather armour    |    27 |       |       |       ||    27
       Robe              |     1 |       |       |       ||     1
       Ring mail         |    43 |    83 |   136 |   119 ||   381
Dodge: Dodged            |   131 |   144 |   390 |   363 ||  1028
